 Dungeon Crawl Stone Soup version 0.19.0 (webtiles) character file.

5583 Eucla the Carver (level 10, -10/68 HPs)
             Began as an Octopode Gladiator on Nov 17, 2016.
             Was a High Priest of Nemelex Xobeh.
             Mangled by a wolf spider (13 damage)
             ... on level 10 of the Dungeon.
             The game lasted 00:19:29 (10531 turns).

Eucla the Carver (Octopode Gladiator)              Turns: 10531, Time: 00:19:32

Health: -10/68     AC: 10    Str: 15    XL:     10   Next: 72%
Magic:  16/16      EV: 13    Int: 10    God:    Nemelex Xobeh [*****.]
Gold:   499        SH: 11    Dex: 16    Spells: 0 memorised, 9 levels left

rFire  . . .     SeeInvis .     b - +1 falchion (protect)
rCold  + . .     Gourm    .     E - +0 large shield
rNeg   . . .     Faith    +     o - +2 hat
rPois  +         Spirit   .     h - amulet of faith
rElec  .         Reflect  .     q - ring of protection from cold
rCorr  .         Harm     .     (no ring)
MR     .....                    (no ring)
Stlth  ++........               (no ring)
                                (no ring)
                                (no ring)
                                (no ring)
                                (no ring)

@: protection aura
A: almost no armour, stealthy swim, amphibious, 8 rings, constrict 8, tentacle
spike 1, camouflage 1, high mp 1, mutation resistance 1, poison resistance,
gelatinous body 1, MP-powered wands
a: Triple Draw, Deal Four, Stack Five, Renounce Religion


You were on level 10 of the Dungeon.
You worshipped Nemelex Xobeh.
Nemelex Xobeh was extremely pleased with you.
You were not hungry.

You visited 1 branch of the dungeon, and saw 10 of its levels.

You collected 499 gold pieces.

Inventory:

Hand Weapons
 b - a +1 falchion of protection (weapon)
Missiles
 c - 6 throwing nets (quivered)
Armour
 o - a +2 hat (worn)
 E - a +0 large shield (worn)
Jewellery
 h - an amulet of faith (around mantle)
 n - an uncursed ring of fire
 q - a ring of protection from cold (left tentacle)
 u - an uncursed ring of ice
Wands
 C - a wand of teleportation (5/9)
 F - a wand of hasting (2/9)
 J - a wand of disintegration (19/24)
Scrolls
 e - 6 scrolls of magic mapping
 g - 3 scrolls of teleportation
 j - 5 scrolls of remove curse
 m - a scroll of recharging {unknown}
Potions
 i - 5 potions of flight
 k - a potion of berserk rage {unknown}
 l - 2 potions of curing {unknown}
 r - 3 potions of might
 z - a potion of haste {unknown}
 B - a potion of heal wounds
 N - a potion of agility {unknown}
Miscellaneous
 p - an ornate deck of escape
 t - a plain deck of escape
 w - a plain deck of destruction
 x - a plain deck of destruction {drawn: 7}
 y - a plain deck of destruction
 D - an ornate deck of summoning
 I - a plain deck of summoning
 K - a plain deck of destruction
 O - an ornate deck of destruction
Comestibles
 a - a fruit
 d - 11 bread rations
 A - 2 meat rations
 P - a beef jerky


   Skills:
 - Level 5.9 Fighting
 + Level 12.1 Long Blades
 - Level 2.0 Throwing
 - Level 6.8 Dodging
 - Level 6.2 Invocations


You had 9 spell levels left.
You didn't know any spells.

Dungeon Overview and Level Annotations

Branches:
Dungeon (10/15)            Temple (0/1) D:5
   Lair: D:8-11         Orc: D:9-12

Altars:
Ashenzari
Cheibriados
Dithmenos
Elyvilon
Fedhas
Gozag
Kikubaaqudgha
Makhleb
Nemelex Xobeh
Qazlal
Uskayaw
The Shining One

Shops:
D:7 }


Innate Abilities, Weirdness & Mutations

You cannot wear most types of armour.
You are very stealthy in the water. (Stealth+)
You are amphibious.
You can wear up to eight rings at the same time.
You can use your tentacles to constrict eight enemies at once.
Your skin changes colour to match your surroundings (Stealth+).
Your rubbery body absorbs attacks. (AC +1, EV +1)
One of your tentacles bears a spike.
You have an increased reservoir of magic. (+10% MP)
You are somewhat resistant to further mutation.
Your system is resistant to poisons. (rPois)
You expend magic power (3 MP) to strengthen your wands.


Message History

You pierce the wolf spider, but do no damage.
The wolf spider is moderately wounded.
You constrict the wolf spider. The centaur warrior hits you!
* * * LOW HITPOINT WARNING * * *
You block the wolf spider's attack. x2
The centaur warrior hits you but does no damage.
You are too injured to fight recklessly!
Unknown command.
Unknown command.
You release your grip on the wolf spider.
You block the wolf spider's attack. x2
Okay, then.
Evoke which item? (* to show all) (? for menu, Esc to quit)
You draw a card...
It is the Dance.
The deck of cards disappears without a trace.
The wolf spider hits you!
* * * LOW HITPOINT WARNING * * *
The wolf spider barely misses you. The wolf spider hits you!
You die...
Your body glows with a rainbow of weird colours and disappears.

...........# #..# #..#
#.. ....#####..# #..#
#..# #). ....# #..# #..#
#..# #.. ....# #..# #..#
#..###.. ....#
#..#######..#### #.......
....# #...........[..#
#....... ....#
#...........##.###.......
##..#
#...#########...#########
#..#
#..##.cs@(.##...##.)....#
#..##..##..#..#..#..##..#
#..##..#..##..#.)##..#..#
#..##.##..#..###..#..##.#
#..##=#..##..# #..##..#|#
###..#..## ##..#..###
#..##..# #.)##..#
##..#..## ##..#..##
#..##..# #..##..#


You could see a wolf spider, a centaur warrior and a friendly enchanted
quarterstaff.

Vanquished Creatures
  A hill giant (D:10)
  A centaur skeleton (D:10)
  A two-headed ogre (D:9)
  Grinder (D:6)
  A hippogriff (D:8)
  A hungry ghost (D:9)
  A water moccasin (D:9)
  An ice beast (D:5)
  An orc warrior (D:9)
  2 sky beasts (D:9)
  A black bear (D:9)
  A phantom (D:9)
  3 ogres
  2 centaurs
  2 bullfrogs
  A wyvern zombie (D:9)
  5 scorpions
  3 wights
  2 howler monkeys (D:10)
  2 crimson imps
  A bullfrog zombie (D:6)
  Crazy Yiuf (D:6)
  A bullfrog skeleton (D:9)
  A gnoll shaman (D:8)
  5 orc priests
  3 hounds
  An iguana (D:7)
  5 orc wizards
  5 worker ants
  A killer bee zombie (D:8)
  A hound zombie (D:9)
  2 worker ant zombies
  5 gnolls
  11 adders
  3 shadow imps
  An ooze (D:1)
  2 adder skeletons
  3 worms
  2 dart slugs (D:1)
  6 leopard geckos
  14 orcs
  3 ball pythons
  12 bats
  A bat zombie (D:9)
  6 giant cockroaches
  5 goblins
  3 hobgoblins
  7 jackals
  5 frilled lizards
  5 kobolds
  9 rats
  2 rat zombies (D:9)
165 creatures vanquished.

Vanquished Creatures (collateral kills)
  Harold (D:10)
  A gargoyle (D:10)
  The ghost of PrincessPwny the Shield-Bearer, an amateur FoFi (D:3)
  The ghost of Ark the Slasher, an amateur FoFi (D:4)
  Duvessa (D:6)
  A necrophage (D:10)
  A centaur (D:10)
  Dowan (D:6)
  3 wights (D:8)
  A quasit (D:9)
12 creatures vanquished.

Vanquished Creatures (others)
  A two-headed ogre (D:10)
  An orc warrior (D:7)
  A scorpion (D:7)
  An orc wizard (D:7)
  An iguana (D:7)
  An orc (D:7)
  4 toadstools (D:1)
10 creatures vanquished.

Grand Total: 187 creatures vanquished

Notes
Turn   | Place    | Note
-------+----------+-------------------------------------------
     0 | D:1      | Eucla the Octopode Gladiator began the quest for the Orb.
     0 | D:1      | Reached XP level 1. HP: 14/14 MP: 1/1
    51 | D:1      | Reached XP level 2. HP: 16/19 MP: 2/2
   259 | D:1      | Reached XP level 3. HP: 12/25 MP: 3/3
  1016 | D:2      | Reached skill level 4 in Long Blades
  1016 | D:2      | Reached XP level 4. HP: 30/30 MP: 4/4
  1072 | D:2      | Found a sparkling altar of Nemelex Xobeh.
  1085 | D:2      | Became a worshipper of Nemelex Xobeh the Trickster
  1181 | D:2      | Received a gift from Nemelex Xobeh
  2022 | D:3      | Found an opulent altar of Gozag.
  2030 | D:3      | Found an opulent altar of Gozag.
  2032 | D:3      | Found a stormy altar of Qazlal.
  2038 | D:3      | Found a white marble altar of Elyvilon.
  2079 | D:3      | Found a glowing golden altar of the Shining One.
  2088 | D:3      | Found a shadowy altar of Dithmenos.
  2351 | D:3      | Found a blossoming altar of Fedhas.
  2366 | D:3      | Reached * piety under Nemelex Xobeh
  2366 | D:3      | Received a gift from Nemelex Xobeh
  2555 | D:3      | Noticed PrincessPwny's ghost (amateur FoFi)
  2566 | D:3      | Killed PrincessPwny's ghost
  2566 | D:3      | Reached skill level 1 in Invocations
  2566 | D:3      | Reached XP level 5. HP: 32/36 MP: 4/6
  2932 | D:4      | Reached XP level 6. HP: 36/42 MP: 7/7
  2935 | D:4      | Reached skill level 5 in Long Blades
  2948 | D:4      | Received a gift from Nemelex Xobeh
  3012 | D:4      | Noticed Ark's ghost (amateur FoFi)
  3021 | D:4      | Killed Ark's ghost
  3142 | D:4      | Reached ** piety under Nemelex Xobeh
  3278 | D:4      | Reached XP level 7. HP: 40/46 MP: 8/8
  3640 | D:5      | Entered Level 5 of the Dungeon
  3703 | D:5      | Received a gift from Nemelex Xobeh
  3709 | D:5      | Reached skill level 6 in Long Blades
  3998 | D:5      | Found a staircase to the Ecumenical Temple.
  4225 | D:5      | Reached *** piety under Nemelex Xobeh
  4622 | D:6      | Reached skill level 5 in Dodging
  4663 | D:6      | Reached XP level 8. HP: 29/54 MP: 10/10
  4978 | D:6      | Noticed Grinder
  4985 | D:6      | Killed Grinder
  5021 | D:6      | Noticed Dowan
  5025 | D:6      | Noticed Duvessa
  5033 | D:6      | Killed Dowan
  5042 | D:6      | Killed Duvessa
  5042 | D:6      | Reached skill level 7 in Long Blades
  5469 | D:6      | Found a hide-covered altar of Uskayaw.
  5521 | D:6      | Gained mutation: You expend magic power (3 MP) to strengthen your wands. [potion of mutation]
  5521 | D:6      | Gained mutation: You have an increased reservoir of magic. (+10% MP) [potion of mutation]
  5556 | D:6      | Found a burning altar of Makhleb.
  5556 | D:6      | Found a faded altar of an unknown god.
  5561 | D:6      | Found a faded altar of an unknown god.
  5563 | D:6      | Found a faded altar of an unknown god.
  5566 | D:6      | Found a faded altar of an unknown god.
  5797 | D:6      | Found a runed door.
  5801 | D:6      | Noticed Crazy Yiuf
  5807 | D:6      | Killed Crazy Yiuf
  5865 | D:7      | Reached **** piety under Nemelex Xobeh
  6002 | D:7      | Received a gift from Nemelex Xobeh
  6106 | D:7      | Reached skill level 5 in Fighting
  6160 | D:7      | Received a gift from Nemelex Xobeh
  6161 | D:7      | Reached skill level 5 in Invocations
  6163 | D:7      | Reached XP level 9. HP: 50/61 MP: 12/14
  6314 | D:7      | Found Ynkosh's Gadget Boutique.
  6344 | D:7      | Found an opulent altar of Gozag.
  6394 | D:7      | Reached skill level 8 in Long Blades
  6571 | D:8      | Found a stormy altar of Qazlal.
  7204 | D:8      | Received a gift from Nemelex Xobeh
  7352 | D:8      | Reached ***** piety under Nemelex Xobeh
  7654 | D:9      | Received a gift from Nemelex Xobeh
  7746 | D:9      | Found an ancient bone altar of Kikubaaqudgha.
  7784 | D:9      | Found a shattered altar of Ashenzari.
  8356 | D:9      | Reached skill level 9 in Long Blades
  8365 | D:9      | Gained mutation: You are agile. (Dex +2) [mutagenic meat]
  8366 | D:9      | Gained mutation: Your system is resistant to poisons. (rPois) [mutagenic meat]
  8367 | D:9      | Lost mutation: You are agile. (Dex +2) [mutagenic meat]
  8368 | D:9      | Gained mutation: One of your tentacles bears a spike. [mutagenic meat]
  8369 | D:9      | Gained mutation: You are somewhat resistant to further mutation. [mutagenic meat]
  8432 | D:9      | Received a gift from Nemelex Xobeh
  8476 | D:9      | Reached XP level 10. HP: 59/68 MP: 16/16
  8655 | D:9      | Reached skill level 10 in Long Blades
  8731 | D:9      | Found a snail-covered altar of Cheibriados.
  8775 | D:9      | Received a gift from Nemelex Xobeh
  9484 | D:10     | Entered Level 10 of the Dungeon
  9493 | D:10     | Noticed Harold
  9683 | D:10     | Noticed a gargoyle
  9689 | D:10     | Killed Harold
  9689 | D:10     | Reached skill level 11 in Long Blades
  9693 | D:10     | Killed a gargoyle
  9993 | D:10     | Received a gift from Nemelex Xobeh
 10020 | D:10     | Identified a scroll of acquirement
 10023 | D:10     | Got an encrusted hat
 10034 | D:10     | Identified the +0 hat of Ruqup {MR- Str+5 Dex+4} (You acquired it on level 10 of the Dungeon)
 10198 | D:10     | Noticed a hill giant
 10208 | D:10     | Killed a hill giant
 10235 | D:10     | Reached skill level 12 in Long Blades
 10524 | D:10     | Noticed a wolf spider
 10525 | D:10     | Noticed a centaur warrior
 10531 | D:10     | HP: 3/68 [wolf spider (10)]
 10531 | D:10     | Mangled by a wolf spider

Skill      XL: |  1  2  3  4  5  6  7  8  9 10 |
---------------+-------------------------------+-----
Long Blades    | 4 5 6 7 9 12 | 12.1
Fighting       | 3 4 5 |  5.9
Dodging        | 4 5 6 |  6.8
Invocations    | 1 2 3 5 6 |  6.2
Throwing       | |  2.0

Action                   |  1- 3 |  4- 6 |  7- 9 | 10-12 || total
-------------------------+-------+-------+-------+-------++-------
Melee: Long sword        |    47 |    54 |   220 |       ||   321
       Tentacles         |    12 |    18 |    71 |    22 ||   123
       Constrict         |    14 |    20 |    60 |    13 ||   107
       Falchion          |       |       |    49 |   104 ||   153
       Kick              |       |       |    13 |    52 ||    65
Evoke: Deck              |       |     4 |     9 |    12 ||    25
       Wand              |       |       |       |     1 ||     1
  Use: Scroll            |       |     7 |     9 |     5 ||    21
       Potion            |       |       |     3 |       ||     3
 Stab: Sleeping          |     6 |     4 |     9 |       ||    19
       Distracted        |     1 |       |       |       ||     1
       Petrified         |       |       |       |     2 ||     2
  Eat: Bread ration      |       |     1 |       |       ||     1
       Fruit             |       |     2 |       |       ||     2
       Chunk             |       |     1 |     6 |       ||     7
       Pizza             |       |       |     3 |       ||     3
       Meat ration       |       |       |     2 |     1 ||     3
       Royal jelly       |       |       |     2 |       ||     2
       Beef jerky        |       |       |       |     1 ||     1
Armor: Skin              |     4 |     9 |    62 |    15 ||    90
Dodge: Dodged            |    39 |    33 |   118 |    49 ||   239
Block: Buckler           |       |     9 |    10 |       ||    19
       Large shield      |       |       |    93 |    47 ||   140
       Rpst.: Long sword |    10 |    17 |    34 |       ||    61
       Falchion          |       |       |     2 |    10 ||    12
